2689 views
Uploaded 2020-02-29 21:24:36
Game version 1.32.2
26:01 long 1on1 ladder game on (4)TwistedMeadows
Saved by TALONSARIMBA
2689 views
Uploaded 2020-02-29 21:24:36
Game version 1.32.2
26:01 long 1on1 ladder game on (4)TwistedMeadows

46 units @ 9.1k
/ 1.6k
18 buildings @ 2.9k
/ 1.3k


| Rod of Necromancy | 1 | 150 |
| Scroll of Town Portal | 1 | 350 |
| Potion of Lesser Invulnerability | 1 | 150 |
| total: | 3 | 650g |
| Acolyte | 7 | 525 | / | 0 |
| Ghoul | 7 | 840 | / | 0 |
| Crypt Fiend | 11 | 2365 | / | 440 |
| Obsidian Statue | 11 | 2200 | / | 385 |
| Frost Wyrm | 5 | 1925 | / | 600 |
| Gargoyle | 3 | 525 | / | 90 |
| Goblin Shredder | 1 | 375 | / | 100 |
| Ogre Mauler | 1 | 300 | / | 0 |
| total: | 46 | 9055g | / | 1615w |
| Nerubian Tower | 2 | 200 | / | 40 |
| Crypt | 1 | 200 | / | 50 |
| Ziggurat | 9 | 1350 | / | 450 |
| Altar of Darkness | 1 | 180 | / | 50 |
| Tomb of Relics | 1 | 130 | / | 30 |
| Graveyard | 1 | 215 | / | 0 |
| Necropolis | 1 | 225 | / | 0 |
| Slaughterhouse | 1 | 140 | / | 135 |
| Sacrificial Pit | 1 | 75 | / | 150 |
| Boneyard | 2 | 350 | / | 400 |
| Halls of the Dead | 1 | 320 | / | 210 |
| Black Citadel | 1 | 325 | / | 230 |
| total: | 18 | 2865g | / | 1265w |
| 0:04 | Acolyte |
| 0:04 | Acolyte |
| 0:08 | Crypt |
| 0:10 | Ziggurat |
| 0:32 | Altar of Darkness |
| 0:47 | Tomb of Relics |
| 1:10 | Ghoul |
| 1:17 | Ziggurat |
| 1:26 | Ghoul |
| 1:42 | Ghoul |
| 2:02 | Graveyard |
| 2:14 | Ghoul |
| 2:36 | Ghoul |
| 2:48 | Ghoul |
| 2:52 | Death Coil |
| 3:00 | Ghoul |
| 3:49 | Unholy Aura |
| 3:56 | Acolyte |
| 4:08 | Crypt Fiend |
| 4:09 | Crypt Fiend |
| 4:18 | Rod of Necromancy |
| 4:31 | Ziggurat |
| 4:57 | Necropolis |
| 5:25 | Halls of the Dead |
| 5:28 | Crypt Fiend |
| 6:10 | Nerubian Tower |
| 6:18 | Crypt Fiend |
| 7:06 | Acolyte |
| 7:06 | Acolyte |
| 7:06 | Acolyte |
| 7:07 | Acolyte |
| 7:09 | Ziggurat |
| 7:10 | Ziggurat |
| 7:24 | Crypt Fiend |
| 7:49 | Slaughterhouse |
| 8:25 | Nerubian Tower |
| 8:36 | Crypt Fiend |
| 8:36 | Crypt Fiend |
| 8:57 | Obsidian Statue |
| 8:57 | Obsidian Statue |
| 9:00 | Frost Nova |
| 9:23 | Black Citadel |
| 9:25 | Web |
| 9:40 | Death Coil |
| 9:44 | Ogre Mauler |
| 10:13 | Frost Armor |
| 10:24 | Obsidian Statue |
| 10:41 | Obsidian Statue |
| 10:50 | Ziggurat |
| 10:50 | Ziggurat |
| 11:01 | Sacrificial Pit |
| 11:42 | Creature Attack |
| 11:55 | Crypt Fiend |
| 12:00 | Boneyard |
| 12:07 | Boneyard |
| 12:32 | Destroyer Form |
| 13:05 | Goblin Shredder |
| 13:13 | Ziggurat |
| 13:14 | Ziggurat |
| 13:45 | Obsidian Statue |
| 14:32 | Frost Wyrm |
| 14:41 | Obsidian Statue |
| 14:45 | Crypt Fiend |
| 14:46 | Crypt Fiend |
| 14:50 | Improved Creature Attack |
| 15:11 | Potion of Lesser Invulnerability |
| 15:21 | Unholy Aura |
| 16:02 | Frost Nova |
| 16:58 | Death Coil |
| 17:02 | Dark Ritual |
| 17:06 | Frost Wyrm |
| 17:06 | Freezing Breath |
| 17:09 | Obsidian Statue |
| 17:09 | Obsidian Statue |
| 17:12 | Crypt Fiend |
| 18:15 | Frost Wyrm |
| 19:21 | Frost Wyrm |
| 19:39 | Advanced Creature Attack |
| 20:25 | Creature Carapace |
| 20:30 | Scroll of Town Portal |
| 20:49 | Obsidian Statue |
| 21:28 | Frost Nova |
| 21:52 | Death and Decay |
| 23:31 | Frost Wyrm |
| 23:35 | Dark Ritual |
| 24:58 | Gargoyle |
| 24:59 | Gargoyle |
| 25:18 | Obsidian Statue |
| 25:19 | Obsidian Statue |
| 25:38 | Gargoyle |
| Right click | 521 |
| Select | 377 |
| Build/train/purchase | 95 |
| Use ability | 31 |
| Assign group | 5 |
| Remove unit | 3 |
| Select group | 3 |
| Misc. action | 1 |
48 units @ 7k
/ 0.9k
29 buildings @ 3.9k
/ 1.9k



| Scroll of Regeneration | 4 | 400 |
| Lesser Clarity Potion | 3 | 210 |
| Potion of Healing | 4 | 600 |
| Potion of Mana | 3 | 600 |
| Orb of Fire | 2 | 650 |
| Scroll of Town Portal | 2 | 700 |
| total: | 18 | 3160g |
| Peasant | 22 | 1650 | / | 0 |
| Footman | 4 | 540 | / | 0 |
| Sorceress | 3 | 465 | / | 60 |
| Priest | 3 | 405 | / | 30 |
| Spell Breaker | 3 | 645 | / | 90 |
| Knight | 3 | 735 | / | 180 |
| Dragonhawk Rider | 3 | 600 | / | 90 |
| Gryphon Rider | 7 | 1960 | / | 490 |
| total: | 48 | 7000g | / | 940w |
| Scout Tower | 3 | 90 | / | 60 |
| Arcane Tower | 1 | 70 | / | 50 |
| Guard Tower | 2 | 140 | / | 100 |
| Altar of Kings | 1 | 180 | / | 50 |
| Farm | 11 | 880 | / | 220 |
| Barracks | 2 | 320 | / | 120 |
| Lumber Mill | 1 | 120 | / | 0 |
| Town Hall | 3 | 1155 | / | 615 |
| Arcane Vault | 2 | 260 | / | 60 |
| Blacksmith | 1 | 140 | / | 60 |
| Arcane Sanctum | 2 | 300 | / | 280 |
| Gryphon Aviary | 2 | 280 | / | 300 |
| Workshop | 1 | 140 | / | 140 |
| Keep | 1 | 320 | / | 210 |
| Castle | 1 | 360 | / | 210 |
| total: | 29 | 3865g | / | 1905w |
| 0:04 | Altar of Kings |
| 0:05 | Farm |
| 0:06 | Peasant |
| 0:22 | Farm |
| 0:23 | Peasant |
| 0:31 | Barracks |
| 0:32 | Barracks |
| 0:42 | Peasant |
| 0:58 | Peasant |
| 1:15 | Peasant |
| 1:30 | Peasant |
| 1:34 | Footman |
| 1:40 | Farm |
| 1:42 | Scout Tower |
| 1:49 | Peasant |
| 1:58 | Footman |
| 2:10 | Arcane Tower |
| 2:17 | Footman |
| 2:20 | Peasant |
| 2:33 | Summon Water Elemental |
| 2:48 | Farm |
| 3:15 | Lumber Mill |
| 3:17 | Brilliance Aura |
| 3:29 | Peasant |
| 3:33 | Footman |
| 4:13 | Peasant |
| 4:14 | Peasant |
| 5:03 | Summon Water Elemental |
| 5:06 | Town Hall |
| 5:10 | Scout Tower |
| 5:24 | Keep |
| 5:26 | Farm |
| 5:36 | Guard Tower |
| 6:30 | Peasant |
| 6:52 | Scout Tower |
| 7:02 | Arcane Vault |
| 7:26 | Guard Tower |
| 7:39 | Farm |
| 7:47 | Arcane Sanctum |
| 7:53 | Arcane Sanctum |
| 8:14 | Peasant |
| 9:03 | Peasant |
| 9:12 | Sorceress Adept Training |
| 9:13 | Priest Adept Training |
| 9:15 | Sorceress |
| 9:16 | Priest |
| 9:25 | Scroll of Regeneration |
| 9:25 | Lesser Clarity Potion |
| 9:32 | Improved Lumber Harvesting |
| 9:51 | Storm Bolt |
| 10:15 | Sorceress |
| 10:15 | Priest |
| 10:36 | Potion of Healing |
| 10:36 | Potion of Mana |
| 10:40 | Potion of Healing |
| 10:40 | Lesser Clarity Potion |
| 10:43 | Scroll of Town Portal |
| 10:56 | Castle |
| 11:00 | Farm |
| 11:01 | Farm |
| 11:09 | Gryphon Aviary |
| 11:43 | Control Magic |
| 11:43 | Spell Breaker |
| 11:50 | Brilliance Aura |
| 11:57 | Improved Masonry |
| 12:18 | Spell Breaker |
| 12:33 | Bash |
| 12:44 | Blacksmith |
| 13:30 | Priest Master Training |
| 13:31 | Sorceress Master Training |
| 14:24 | Knight |
| 14:36 | Farm |
| 14:40 | Farm |
| 14:40 | Advanced Lumber Harvesting |
| 15:04 | Knight |
| 15:08 | Iron Plating |
| 16:14 | Summon Water Elemental |
| 16:43 | Knight |
| 16:59 | Potion of Healing |
| 17:02 | Scroll of Town Portal |
| 17:09 | Dragonhawk Rider |
| 17:09 | Dragonhawk Rider |
| 17:10 | Dragonhawk Rider |
| 17:15 | Sorceress |
| 17:16 | Priest |
| 17:22 | Scroll of Regeneration |
| 17:31 | Long Rifles |
| 17:33 | Iron Forged Swords |
| 17:55 | Farm |
| 18:23 | Spell Breaker |
| 18:36 | Gryphon Rider |
| 18:36 | Gryphon Rider |
| 18:54 | Storm Bolt |
| 19:04 | Holy Light |
| 19:28 | Gryphon Rider |
| 19:32 | Gryphon Aviary |
| 19:39 | Potion of Healing |
| 19:45 | Orb of Fire |
| 20:29 | Advanced Masonry |
| 20:44 | Town Hall |
| 21:10 | Town Hall |
| 21:14 | Divine Shield |
| 21:28 | Holy Light |
| 21:42 | Bash |
| 22:11 | Gryphon Rider |
| 22:26 | Scroll of Regeneration |
| 22:30 | Potion of Mana |
| 22:47 | Scroll of Regeneration |
| 22:58 | Gryphon Rider |
| 23:19 | Brilliance Aura |
| 23:22 | Divine Shield |
| 23:30 | Gryphon Rider |
| 24:20 | Peasant |
| 24:20 | Peasant |
| 24:20 | Peasant |
| 24:21 | Peasant |
| 24:27 | Arcane Vault |
| 24:37 | Workshop |
| 24:44 | Storm Bolt |
| 24:50 | Peasant |
| 24:50 | Peasant |
| 24:51 | Peasant |
| 24:51 | Peasant |
| 25:08 | Lesser Clarity Potion |
| 25:11 | Potion of Mana |
| 25:14 | Orb of Fire |
| 25:19 | Storm Hammers |
| 25:19 | Gryphon Rider |
| Right click | 2150 |
| Select group | 861 |
| Select | 849 |
| Build/train/purchase | 206 |
| Misc. action | 156 |
| Assign group | 48 |
| Use ability | 29 |
| Item give/drop | 2 |
| Esc | 2 |
โ